 Dungeon Crawl Stone Soup version 0.25.1-2-g60ff931df9 (webtiles) character file.

Game seed: 8969110531608617642

310 Joresh2 the Digger (level 6, -1/51 HPs)
             Began as a Deep Dwarf Earth Elementalist on Aug 30, 2020.
             Slain by a gnoll
             ... wielding a +0 whip
              (10 damage)
             ... on level 4 of the Dungeon.
             The game lasted 00:21:30 (3139 turns).

Joresh2 the Digger (Deep Dwarf Earth Elementalist)  Turns: 3139, Time: 00:21:31

Health: -1/51      AC:  2    Str: 11    XL:     6   Next: 17%
Magic:  1/8        EV: 13    Int: 18    God:
Gold:   88         SH:  0    Dex: 13    Spells: 7/11 levels left

rFire    . . .     SeeInvis .   h - +0 mace
rCold    . . .     Gourm    .   (no shield)
rNeg     + . .     Faith    .   c - +0 robe
rPois    .         Spirit   .   (no helmet)
rElec    .         Reflect  .   (no cloak)
rCorr    .         Harm     .   (no gloves)
MR       .....                  (no boots)
Stlth    ++........             (no amulet)
HPRegen  0.00/turn              m - ring of positive energy
MPRegen  0.11/turn              (no ring)

@: non-regenerating
A: damage resistance, heal wounds, sense surroundings 1, no regeneration
a: Heal Wounds


You were on level 4 of the Dungeon.
You were not hungry.

You visited 1 branch of the dungeon, and saw 4 of its levels.

You collected 88 gold pieces.

Inventory:

Hand Weapons
 a - a +0 club
 h - a +0 mace (weapon)
 t - a +2 whip of flaming
 w - a +0 short sword
Missiles
 b - 145 stones
 j - 25 sling bullets
 s - 6 poisoned darts (quivered)
Armour
 c - a +0 robe (worn)
 u - a +0 cloak
Jewellery
 m - a ring of positive energy (left hand)
Scrolls
 f - a scroll of enchant armour
 g - 3 scrolls of remove curse
Potions
 e - a potion of resistance {unknown}
 i - 3 potions of curing {unknown}
 k - 2 potions of flight {unknown}
 n - a potion of invisibility {unknown}
 p - 2 potions of lignification
Comestibles
 d - 7 rations
 l - 6 chunks of flesh


   Skills:
 + Level 1.2 Fighting
 + Level 1.9 Maces & Flails
 + Level 3.4 Dodging
 + Level 3.0 Stealth
 + Level 3.1 Spellcasting
   Level 0.8 Transmutations
 + Level 6.3 Earth Magic


You had 7 spell levels left.
You knew the following spells:

 Your Spells              Type           Power        Failure   Level  Hunger
a - Sandblast             Erth           ####..       1%          1    None
b - Stone Arrow           Conj/Erth      ##....       13%         3    ###....

Your spell library contained the following spells:

 Spells                   Type           Power        Failure   Level  Hunger
 Passwall                 Tmut/Erth      ###.....     5%          2    ##.....
 Summon Small Mammal      Summ           #...         16%         1    None
 Call Imp                 Summ           #.......     24%         2    ##.....
 Lee's Rapid Deconstruct  Erth           ####......   32%         5    ######.
 Petrify                  Tmut/Erth      ###.....     36%         4    ####...
 Call Canine Familiar     Summ           #.......     43%         3    ###....
 Summon Guardian Golem    Hex/Summ       #.......     43%         3    ###....
 Summon Ice Beast         Ice/Summ       #.......     85%         4    ####...
 Summon Lightning Spire   Summ/Air       #.......     85%         4    ####...


Dungeon Overview and Level Annotations

Branches:
Dungeon (4/15)
 Temple: D:4-7

Altars:

Annotations:
D:2 Sigmund


Innate Abilities, Weirdness & Mutations

You are resistant to damage.
You can heal yourself by infusing magical energy.
You passively map a small area around you.
You do not regenerate.


Message History

The gnoll shaman is severely wounded.
The gnoll barely misses you.
The gnoll shaman calls upon its god to speed up the gnoll.
The gnoll seems to speed up.
A gnoll comes into view. It is wielding a +0 flail.
The gnoll closely misses you.
The gnoll shaman hits you with a cursed +0 whip.
* * * LOW HITPOINT WARNING * * *
You sock the gnoll shaman!
You kill the gnoll shaman!
Your Stealth skill increases to level 3!
The gnoll barely misses you.
The gnoll hits you from afar with a +0 spear!
* * * LOW HITPOINT WARNING * * *
Unknown command.
The gnoll hits you with a +0 spear. The gnoll barely misses you.
You hit the gnoll.
You kill the gnoll!
You hit the gnoll but do no damage. The gnoll hits you with a +0 whip!
You die...

*#.#,....,,,,,,,,,,* *,*
*...,...,,*******,******,*
####.##.#*** *,,,,,,,,*
....>...###### **********
####.........# ####.####.#
#######.# #.# .>......#
#.######### #########
#....@gg..# #########.#
*,* *,* *,* *,************
*,,,,,,,,,,,,,
**************


You could see 2 gnolls.

Vanquished Creatures
  A gnoll shaman (D:4)
  Jessica (D:3)
  3 worker ants (D:4)
  A gnoll (D:4)
  7 adders
  2 oozes (D:2)
  3 worms
  3 dart slugs
  A leopard gecko (D:1)
  8 orcs (D:3)
  A ball python (D:3)
  4 giant cockroaches
  6 goblins
  8 hobgoblins
  10 jackals
  2 quokkas (D:3)
  6 bats
  3 frilled lizards
  8 kobolds
  9 rats
87 creatures vanquished.

Notes
Turn   | Place    | Note
-------+----------+-------------------------------------------
     0 | D:1      | Joresh2 the Deep Dwarf Earth Elementalist began the quest
                  | for the Orb.
     0 | D:1      | Reached XP level 1. HP: 15/15 MP: 3/3
   361 | D:1      | Reached XP level 2. HP: 22/22 MP: 2/4
   967 | D:2      | Reached skill level 5 in Earth Magic
   967 | D:2      | Reached XP level 3. HP: 28/28 MP: 4/4
   972 | D:2      | Learned a level 3 spell: Stone Arrow
   986 | D:2      | Noticed Sigmund
  1061 | D:2      | Reached skill level 1 in Maces & Flails
  1313 | D:2      | Reached XP level 4. HP: 32/37 MP: 4/6
  1929 | D:3      | Noticed Jessica
  1932 | D:3      | Killed Jessica
  2022 | D:3      | Reached XP level 5. HP: 43/43 MP: 2/6
  2688 | D:4      | Reached skill level 1 in Fighting
  2688 | D:4      | Reached skill level 6 in Earth Magic
  2991 | D:4      | Reached XP level 6. HP: 24/51 MP: 5/8
  3139 | D:4      | Slain by a gnoll

Illustrated notes

Levels and vault maps discovered:
D:1:      minmay_arrival_stair_chambers, layout_basic, st_stairs_7
D:2:      layout_basic, uniq_sigmund
D:3:      layout_basic, first_ration, uniq_jessica
D:4:      layout_loops_ring

Skill      XL: |  1  2  3  4  5  6 |
---------------+-------------------+-----
Earth Magic    | 5 6 |  6.3
Spellcasting   | 2 3 |  3.1
Maces & Flails | 1 |  1.9
Dodging        | 3 |  3.4
Fighting       | 1 |  1.2
Stealth        | 3 |  3.0
Transmutations | |  0.8

Action                   |  1- 3 |  4- 6 || total
-------------------------+-------+-------++-------
Melee: Club              |   112 |    16 ||   128
       Mace              |       |    48 ||    48
 Cast: Sandblast         |    29 |    61 ||    90
       Stone Arrow       |       |     5 ||     5
 Abil: Heal Wounds       |     2 |     1 ||     3
  Use: Scroll            |       |     9 ||     9
 Stab: Sleeping          |     1 |     1 ||     2
  Eat: Chunk             |     2 |     7 ||     9
Armor: Robe              |    43 |    12 ||    55
Dodge: Dodged            |   102 |    66 ||   168
